 Dungeon Crawl Stone Soup version 0.29.1-2-gbd0b4ee654 (webtiles) character file.

Game seed: 5758164712971187172

5744 SkipX the Bludgeoner (level 10, -20/90 HPs)
             Began as a Minotaur Berserker on Nov 1, 2022.
             Was an Elder of Trog.
             Demolished by a two-headed ogre
             ... wielding a +0 giant spiked club
              (22 damage)
             ... on level 8 of the Dungeon on Nov 2, 2022.
             The game lasted 00:39:05 (12831 turns).

SkipX the Bludgeoner (Minotaur Berserker)          Turns: 12831, Time: 00:39:07

Health: -20/90     AC: 19    Str: 25    XL:     10   Next: 49%
Magic:  9/9        EV:  9    Int:  4    God:    Trog [****..]
Gold:   401        SH:  0    Dex:  9    Spells: 9/9 levels left

rFire   . . .      SeeInvis .   n - +2 flail (protect)
rCold   + . .      Faith    +   p - orb {light}
rNeg    . . .      Spirit   .   h - +2 chain mail {rC+}
rPois   .          Reflect  .   (helmet unavailable)
rElec   .          Harm     .   (no cloak)
rCorr   +          Rampage  .   (no gloves)
Will    .....                   (no boots)
Stlth   ..........              t - amulet of faith
HPRegen 0.25/turn               k - ring of resist corrosion
MPRegen 0.11/turn               c - ring of flight

@: confused, under a protective aura, flying, glowing
A: horns 3, retaliatory headbutt, weak 1
a: Renounce Religion, Berserk, Trog's Hand, Brothers in Arms


You were on level 8 of the Dungeon.
You worshipped Trog.
Trog was greatly pleased with you.
You visited 2 branches of the dungeon, and saw 9 of its levels.

You collected 401 gold pieces.

Inventory:

Hand Weapons
 n - a +2 flail of protection (weapon)
Missiles
 s - 2 throwing nets (quivered)
Armour
 h - a +2 chain mail of cold resistance (worn)
 p - an orb of light (worn)
Jewellery
 c - a ring of flight (right hand)
 d - an amulet of the acrobat
 k - a ring of resist corrosion (left hand)
 t - an amulet of faith (around neck)
Wands
 u - a wand of digging (6)
Scrolls
 a - a scroll of summoning
 b - a scroll of noise
 i - 2 scrolls of silence {unknown}
 j - 8 scrolls of identify
 l - 3 scrolls of magic mapping
 o - 2 scrolls of poison {unknown}
 r - a scroll of blinking {unknown}
 w - a scroll of enchant armour {unknown}
 x - 2 scrolls of amnesia {unknown}
 y - 2 scrolls of teleportation {unknown}
Potions
 e - 2 potions of ambrosia {unknown}
 f - 2 potions of lignification
 g - 4 potions of flight
 m - a potion of attraction {unknown}
 q - a potion of heal wounds {unknown}
 v - 3 potions of curing
 z - a potion of haste


   Skills:
 + Level 8.8 Fighting
 - Level 4.4(11.0) Axes
 * Level 15.4(15.7) Maces & Flails
 + Level 5.9 Armour
 - Level 2.5 Dodging
 - Level 0.8 Stealth


You had 9 spell levels left.
You didn't know any spells.
Your spell library contained the following spells:

 Spells                   Type           Power      Damage    Failure   Level
 Magic Dart               Conj           0%         1d3       98%         1
 Call Imp                 Summ           0%         N/A       99%         2
 Mephitic Cloud           Conj/Pois/Air  0%         N/A       100%        3
 Summon Guardian Golem    Hex/Summ       0%         N/A       100%        3
 Petrify                  Tmut/Erth      0%         N/A       100%        4
 Iron Shot                Conj/Erth      0%         9d1       100%        6
 Orb of Destruction       Conj           0%         9d5       100%        7
 Spellforged Servitor     Conj/Summ      0%         N/A       100%        7
 Lehudib's Crystal Spear  Conj/Erth      0%         10d2      100%        8


Dungeon Overview and Level Annotations

Branches:
Dungeon (8/15)             Temple (1/1) D:6
   Lair: D:8-11

Altars:
Cheibriados
Dithmenos
Elyvilon
Hepliaklqana
Kikubaaqudgha
Makhleb
Nemelex Xobeh
Okawaru
Qazlal
Ru
Sif Muna
Uskayaw
Vehumet
Wu Jian
Yredelemnul
Zin
The Shining One

Shops:
D:4 [   D:6 (   D:7 ?


Innate Abilities, Weirdness & Mutations

You have a pair of large horns on your head.
You reflexively headbutt those who attack you in melee.
You are weak. (Str -2)


Message History

Your weapon exudes an aura of protection.
The orc priest is moderately wounded.
You hit the orc priest.
The orc priest is moderately wounded.
The orc priest hits you but does no damage.
The two-headed ogre hits you with a +0 giant spiked club!!
The two-headed ogre hits you with a +0 giant club.
You hear a shout!
You hit the orc priest. You headbutt the orc priest.
You kill the orc priest!
Trog accepts your kill.
You hear an angry hiss.
The vampire closely misses you. The vampire barely misses you.
An orc warrior comes into view. It is wielding a +0 battleaxe.
A kobold comes into view. It is wielding a +0 short sword.
The vampire gestures at you while chanting.
You are confused.
The orc attacks as you move away! The orc hits you but does no damage.
An orc comes into view. It is wielding a +0 flail.
The orc shouts!
The two-headed ogre hits you with a +0 giant spiked club!
* * * LOW HITPOINT WARNING * * *
The two-headed ogre hits you with a +0 giant club!
* * * LOW HITPOINT WARNING * * *
A kobold brigand comes into view.
It is wielding a +0 whip and quivering poisoned darts.
The orc wizard casts a spell.
The orc wizard flickers and vanishes for a moment.
The vampire hits you.
* * * LOW HITPOINT WARNING * * *
The vampire bites you but does no damage.
You sock the vampire!
The vampire is moderately damaged.
The vampire attacks as you move away! The vampire hits you.
* * * LOW HITPOINT WARNING * * *
The vampire barely misses you.
The two-headed ogre attacks as you move away!
The two-headed ogre hits you with a +0 giant spiked club!
* * * LOW HITPOINT WARNING * * *
The two-headed ogre hits you with a +0 giant club!!
You die...

#(#.#.##.########
#.#.#<.._........
#.#.####.########
#.#......#
##.......##
#........#
.###.[......######
..........†.......
###...@o)..######
......OVO).....K.
######.o...#..###
#o#.#..###
#)#.#.## '...#.#
.#o#.K.# .P#.#.#.#
## #.#


You could see 2 two-headed ogres, a vampire, an orc warrior, a kobold brigand,
an orc wizard (invisible) and 2 orcs.

Vanquished Creatures
  The ghost of TowerOfEmptiness the Cleaver, a novice MiFi of Okawaru (D:8)
  Pikel (D:5)
  Maggie (D:8)
  Prince Ribbit (D:7)
  A ynoxinul (D:8)
  Eustachio (D:5)
  A steam dragon (D:7)
  Grum (D:8)
  Edmund (D:6)
  Menkaure (D:5)
  2 water moccasins
  3 orc warriors
  A black bear (D:4)
  4 wolves (D:8)
  An ogre (D:7)
  3 phantoms
  6 bullfrogs
  A gnoll sergeant (D:8)
  4 scorpions (D:5)
  5 wights (D:7)
  3 killer bees (D:6)
  5 howler monkeys
  A bullfrog zombie (D:4)
  4 hounds
  5 orc priests
  An iguana (D:4)
  3 jellies
  Ijyb (D:3)
  3 scorpion zombies (D:4)
  Natasha (twice) (D:3)
  3 orc wizards
  2 hound zombies (D:4)
  2 hound skeletons (D:4)
  9 gnolls
  6 adders
  A white imp (D:7)
  An ufetubus (D:5)
  4 adder zombies (D:4)
  A worm (D:3)
  A dart slug (D:3)
  32 orcs
  9 bats
  9 endoplasms
  A giant cockroach (D:4)
  7 goblins
  9 hobgoblins
  7 kobolds
  4 quokkas
  2 ball pythons
  4 frilled lizards
  2 rats
  A bush (D:8)
185 creatures vanquished.

Vanquished Creatures (others)
  7 fungi (D:5)
  3 plants
  6 withered plants (D:4)
16 creatures vanquished.

Grand Total: 201 creatures vanquished

Notes
Turn   | Place    | Note
-------+----------+-------------------------------------------
     0 | D:1      | SkipX the Minotaur Berserker began the quest for the Orb.
     0 | D:1      | Reached XP level 1. HP: 19/19 MP: 0/0
  1633 | D:1      | Reached XP level 2. HP: 17/27 MP: 1/1
  2602 | D:4      | Noticed a black bear
  3035 | D:2      | Reached XP level 3. HP: 33/33 MP: 2/2
  3109 | D:2      | Gained mutation: You are weak. (Str -2) [potion of
                  | mutation]
  3109 | D:2      | Gained mutation: You have a pair of large horns on your
                  | head. [potion of mutation]
  3136 | D:2      | Found a faded altar of an unknown god.
  3658 | D:2      | Identified the +0 robe of the Wasteland {rF+++ rCorr
                  | Slay-4}
  4271 | D:3      | You fall into a shaft and drop 3 floors!
  4296 | D:5      | Entered Level 5 of the Dungeon
  4304 | D:5      | Noticed Eustachio
  4307 | D:5      | Reached XP level 4. HP: 41/41 MP: 3/3
  4321 | D:5      | Killed Eustachio
  4322 | D:5      | Reached skill level 5 in Fighting
  4322 | D:5      | Reached XP level 5. HP: 45/48 MP: 4/4
  4407 | D:5      | Reached skill level 5 in Armour
  4621 | D:5      | Found a shadowy altar of Dithmenos.
  4680 | D:5      | Noticed Menkaure
  4687 | D:5      | Killed Menkaure
  4687 | D:5      | Reached ** piety under Trog
  4688 | D:5      | Reached XP level 6. HP: 32/58 MP: 5/5
  5085 | D:5      | Reached skill level 1 in Maces & Flails
  5120 | D:5      | Noticed Pikel
  5164 | D:5      | Killed Pikel
  5165 | D:5      | Reached skill level 5 in Maces & Flails
  5165 | D:5      | Reached XP level 7. HP: 31/67 MP: 6/6
  5386 | D:5      | Reached skill level 6 in Maces & Flails
  5395 | D:5      | Reached XP level 8. HP: 58/74 MP: 7/7
  5899 | D:5      | Reached skill level 7 in Maces & Flails
  5902 | D:5      | Found the +7 Singing Sword {vorpal, sonic wave}
  6502 | D:4      | Reached skill level 8 in Maces & Flails
  6623 | D:4      | Reached *** piety under Trog
  6724 | D:4      | Reached skill level 9 in Maces & Flails
  6743 | D:4      | Found Maoseaza's Armour Boutique.
  6999 | D:4      | Found a burning altar of Makhleb.
  7102 | D:4      | Reached skill level 10 in Maces & Flails
  7666 | D:3      | Found a hide-covered altar of Uskayaw.
  7694 | D:3      | Identified the +5 spear "Bupise Ypupn" {vorpal, +Blink rC+
                  | Str+4}
  7718 | D:3      | Reached XP level 9. HP: 81/82 MP: 8/8
  7819 | D:3      | Noticed Ijyb
  7825 | D:3      | Killed Ijyb
  7894 | D:3      | Noticed Natasha
  7897 | D:3      | Killed Natasha
  7897 | D:3      | Reached **** piety under Trog
  7973 | D:3      | Noticed Natasha
  7978 | D:3      | Killed Natasha
  8377 | D:6      | Noticed Edmund
  8385 | D:6      | Killed Edmund
  8386 | D:6      | Reached skill level 11 in Maces & Flails
  8474 | D:6      | Found a sacrificial altar of Ru.
  8897 | D:6      | Found Cosooh's Weapon Boutique.
  9087 | D:6      | Reached skill level 12 in Maces & Flails
  9283 | D:6      | Found a staircase to the Ecumenical Temple.
  9291 | Temple   | Entered the Ecumenical Temple
 10202 | D:7      | Reached skill level 13 in Maces & Flails
 10208 | D:7      | Noticed Prince Ribbit
 10217 | D:7      | Killed Prince Ribbit
 10606 | D:7      | Reached skill level 14 in Maces & Flails
 10608 | D:7      | Found Gios's Magic Scroll Shop.
 10633 | D:8      | Noticed Maggie
 10646 | D:8      | Killed Maggie
 10647 | D:8      | Reached XP level 10. HP: 37/89 MP: 9/9
 11576 | D:8      | Found a runed translucent door.
 11576 | D:8      | Noticed TowerOfEmptiness's ghost (novice MiFi)
 11598 | D:8      | Killed TowerOfEmptiness's ghost
 11608 | D:8      | Reached skill level 15 in Maces & Flails
 11901 | D:8      | Got the Catalogue of the Geologist
 11945 | D:8      | Found a white marble altar of Elyvilon.
 12325 | D:8      | Noticed Grum
 12340 | D:8      | Killed Grum
 12803 | D:8      | Found a basalt altar of Yredelemnul.
 12820 | D:8      | Noticed a two-headed ogre
 12824 | D:8      | Noticed a two-headed ogre
 12831 | D:8      | HP: 2/90 [two-headed ogre/+0 giant spiked club (7)]
 12831 | D:8      | Demolished by a two-headed ogre

Illustrated notes

Levels and vault maps discovered:
D:1:      dpeg_arrival_boxorama, layout_loops_corners
D:2:      layout_loops_cross, basic_ecumenical_altar
D:3:      layout_loops_ring, nicolae_uskayaw_murder_on_the_dancefloor,
          serial_park_tiny_pond, serial_bayou_pond_b, uniq_ijyb, uniq_natasha
D:4:      layout_basic, mainiacjoe_overflow_alcove_1, serial_undead,
          serial_undead_d, serial_undead_e, serial_undead_e, serial_undead_f,
          serial_undead_d, serial_undead_f, serial_shops, shop_fountains
D:5:      old_forge, layout_basic, mainiacjoe_overflow_catwalk,
          guppyfry_early_orc_mine, uniq_pikel, uniq_eustachio, uniq_menkaure
D:6:      layout_loops_ring, nicolae_ru_sacrificial_ziggurat, temple_doors_ab,
          serial_shops, nicolae_take_the_stairs, uniq_edmund
D:7:      layout_basic, nicolae_stop_n_shop_2, sigmund_army, uniq_prince_ribbit1
D:8:      layout_basic, mainiacjoe_overflow_boulevard, lemuel_crystal_altar,
          mainiacjoe_overflow_concentric_impassable, hellmonk_ghost_big_iron,
          minmay_shattered_shrine, uniq_joseph, uniq_grum, uniq_maggie
Temple:   nicolae_temple_bog_church

Skill      XL: |  1  2  3  4  5  6  7  8  9 10 |
---------------+-------------------------------+-----
Axes           | 4 |  4.4
Fighting       | 4 5 6 7 8 |  8.8
Armour         | 3 4 5 |  5.9
Maces & Flails | 5 6 10 14 15 | 15.4
Dodging        | |  2.5
Stealth        | |  0.8

Action                   |  1- 3 |  4- 6 |  7- 9 | 10-12 || total
-------------------------+-------+-------+-------+-------++-------
Melee: Hand axe          |    45 |       |       |       ||    45
       Headbutt          |     5 |    12 |    61 |    29 ||   107
       Punch             |     1 |       |       |       ||     1
       Mace              |     7 |    28 |       |       ||    35
       Unarmed           |     1 |       |       |       ||     1
       Flail             |       |    28 |   287 |    94 ||   409
Invok: Trog's Hand       |       |       |     1 |     2 ||     3
       Brothers in Arms  |       |       |     1 |       ||     1
       Berserk           |       |       |       |     3 ||     3
  Use: Potion            |     2 |       |       |       ||     2
       Scroll            |     2 |       |     3 |     1 ||     6
Armor: Animal skin       |     3 |       |       |       ||     3
       Scale mail        |    13 |    23 |    35 |       ||    71
       Chain mail        |       |       |    86 |    60 ||   146
Dodge: Dodged            |    33 |    39 |   154 |    46 ||   272
